 Dungeon Crawl Stone Soup version 0.28-a0-537-g3bccd9ccbf (webtiles) character file.

Game seed: 14114452204742244651

751 robertstho the Magician (level 8, 0/55 HPs)
             Began as a Djinni Fire Elementalist on Sept 27, 2021.
             Slain by a quasit (1 damage)
             ... summoned by Eustachio
             ... on level 5 of the Dungeon.
             The game lasted 00:06:46 (7133 turns).

robertstho the Magician (Djinni Fire Elementalist)  Turns: 7133, Time: 00:06:48

Health: 0/55       AC:  2    Str:  7      XL:     8   Next: 6%
Gold:   4          EV: 12    Int: 19      God:
                   SH:  0    Dex:  8 (14)

rFire   + + .      SeeInvis .   h - +1 dagger (elec)
rCold   x . .      Faith    .   (no shield)
rNeg    . . .      Spirit   .   a - +0 robe
rPois   ∞          Reflect  .   (no helmet)
rElec   .          Harm     .   (no cloak)
rCorr   .          Rampage  .   (no gloves)
Will    .....                   (boots unavailable)
Stlth   ++........              (no amulet)
HPRegen 0.18/turn               (no ring)
MPRegen 0.00/turn               (no ring)

@: mighty, flying
A: sickness immunity, fire resistance 2, cold vulnerability 1, float, innate
caster, hp casting, extra vitality 1
a: no special abilities


You were on level 5 of the Dungeon.
You visited 1 branch of the dungeon, and saw 5 of its levels.

You collected 229 gold pieces.
You spent 225 gold pieces at shops.

Inventory:

Hand Weapons
 b - a +0 dagger
 h - a +1 dagger of electrocution (weapon)
Armour
 a - a +0 robe (worn)
Magical Staves
 w - a staff of air
Jewellery
 q - a +4 ring of evasion
 t - an amulet of reflection
Wands
 s - a wand of flame (18)
 v - a wand of charming (7)
Scrolls
 e - a scroll of blinking {unknown}
 i - 2 scrolls of acquirement {unknown}
 j - 3 scrolls of teleportation
 l - a scroll of brand weapon {unknown}
 m - 2 scrolls of immolation
 o - 2 scrolls of fog
 p - 4 scrolls of fear
 u - a scroll of magic mapping
Potions
 c - 4 potions of might
 d - 2 potions of haste {unknown}
 f - 2 potions of curing {unknown}
 g - a potion of mutation {unknown}
 k - a potion of ambrosia {unknown}
 n - 2 potions of resistance {unknown}
 r - a potion of lignification


   Skills:
 * Level 2.4 Fighting
 * Level 3.9 Dodging
 + Level 1.9 Stealth
 * Level 6.0 Spellcasting


You had one spell level left.
You knew the following spells:

 Your Spells              Type           Power      Damage    Failure   Level
a - Foxfire               Conj/Fire      100%       2x1d9     1%          1
b - Scorch                Fire           56%        2d7       1%          2
c - Conjure Flame         Conj/Fire      28%        6-21      2%          3
d - Inner Flame           Hex/Fire       28%        N/A       2%          3
e - Flame Wave            Conj/Fire      28%        3d7       10%         4
f - Apportation           Tloc           56%        N/A       1%          1
g - Slow                  Hex            28%        N/A       1%          2
h - Static Discharge      Conj/Air       28%        N/A       1%          2
Your spell library was empty.

Dungeon Overview and Level Annotations

Branches:
Dungeon (5/15)
 Temple: D:4-7

Altars:
Dithmenos
Nemelex Xobeh
Sif Muna

Shops:
D:5 ?!

Annotations:
D:5 Eustachio


Innate Abilities, Weirdness & Mutations

You are immune to sickness and miasma.
You are immune to poison.
Your flesh is very heat resistant. (rF++)
You are vulnerable to cold. (rC-)
You float through the air rather than walking.
You learn spells naturally, not from books.
Your magical power is your life essence.
You have superior vitality. (+4 HP)


Message History

You feel clumsy. Eustachio hits you with a +0 rapier.
Casting: Static Discharge (safe; 1% risk of failure)
Confirm with . or Enter, or press ? or * to list all spells.
Eustachio is struck by an arc of lightning.
Eustachio is severely wounded.
The lightning grounds out.
The bat hits you but does no damage. The quasit closely misses you.
The quasit claws you.
* * * LOW HITPOINT WARNING * * *
The quasit barely misses you. The bat hits you but does no damage.
The quasit bites you but does no damage.
The quasit closely misses you. The quasit claws you.
* * * LOW HITPOINT WARNING * * *
The quasit closely misses you.
The quasit claws you but does no damage. x2
Eustachio closely misses you.
Casting: Static Discharge (safe; 1% risk of failure)
Confirm with . or Enter, or press ? or * to list all spells.
The quasit is struck by an arc of lightning.
The quasit is almost dead.
The lightning grounds out.
* * * LOW HITPOINT WARNING * * *
The bat hits you but does no damage. The quasit bites you.
* * * LOW HITPOINT WARNING * * *
You feel clumsy. The quasit claws you.
* * * LOW HITPOINT WARNING * * *
The quasit barely misses you. The quasit bites you.
* * * LOW HITPOINT WARNING * * *
The quasit barely misses you. The quasit misses you.
Eustachio hits you with a +0 rapier.
* * * LOW HITPOINT WARNING * * *
It was a potion of might.
You feel very mighty all of a sudden. The quasit misses you.
The quasit claws you but does no damage.
The quasit misses you. The bat hits you.
* * * LOW HITPOINT WARNING * * *
The quasit bites you.
You die...

........#######.......#
# ........# #.......# #
........# #....#..# #
........# ####....#..##
######### #...........#
######### #...........##
........# #.........#..#
......5.###.........#..#
......5@'...........#..#
......@b######'###+##..#
......§.# #..........
+#+###... ###........
#).. #........ #......#
#........ ##.. +......#
#........ #....
#$.....## #........
#.... ..[...# #........


You could see Eustachio, 2 quasits and a bat (summoned).

Vanquished Creatures
  Menkaure (D:4)
  A black bear (D:5)
  2 phantoms
  A scorpion (D:5)
  A water moccasin zombie (D:5)
  A bullfrog skeleton (D:4)
  A hound (D:4)
  A hound skeleton (D:4)
  9 adders
  2 ufetubi (D:5)
  2 adder skeletons (D:4)
  2 worms
  4 dart slugs
  7 orcs
  16 ball pythons
  5 endoplasms
  6 giant cockroaches
  9 goblins
  7 hobgoblins
  A jackal (D:4)
  5 quokkas
  4 bats
  3 frilled lizards
  7 kobolds
  8 rats
106 creatures vanquished.

Vanquished Creatures (others)
  223 foxfires
223 creatures vanquished.

Grand Total: 329 creatures vanquished

Notes
Turn   | Place    | Note
-------+----------+-------------------------------------------
     0 | D:1      | robertstho the Djinni Fire Elementalist began the quest for
                  | the Orb.
     0 | D:1      | Reached XP level 1. HP: 15/15 MP: 0/0
   436 | D:1      | Reached XP level 2. HP: 11/22 MP: 0/0
   908 | D:1      | Found a faded altar of an unknown god.
  1031 | D:1      | Reached XP level 3. HP: 24/26 MP: 0/0
  1031 | D:1      | Learned a level 1 spell: Apportation
  1239 | D:1      | Reached skill level 3 in Spellcasting
  1793 | D:2      | Reached skill level 1 in Fighting
  2285 | D:2      | Reached XP level 4. HP: 30/32 MP: 0/0
  3722 | D:3      | Found a sparkling altar of Nemelex Xobeh.
  3845 | D:3      | Reached XP level 5. HP: 35/37 MP: 0/0
  3845 | D:3      | Learned a level 2 spell: Slow
  4492 | D:3      | Reached skill level 4 in Spellcasting
  4743 | D:3      | Found a shadowy altar of Dithmenos.
  5174 | D:4      | Reached XP level 6. HP: 38/43 MP: 0/0
  5577 | D:4      | Noticed Menkaure
  5583 | D:4      | Killed Menkaure
  5707 | D:4      | Reached XP level 7. HP: 42/48 MP: 0/0
  5707 | D:4      | Learned a level 2 spell: Static Discharge
  6051 | D:4      | Reached skill level 5 in Spellcasting
  6711 | D:5      | Entered Level 5 of the Dungeon
  6823 | D:5      | Found Zaroeq's Magic Scroll Emporium.
  6834 | D:5      | Bought a scroll of noise for 14 gold pieces
  6834 | D:5      | Bought a scroll of fear for 49 gold pieces
  6834 | D:5      | Bought a scroll of fog for 28 gold pieces
  6834 | D:5      | Bought a scroll of identify for 28 gold pieces
  6834 | D:5      | Bought a scroll of teleportation for 42 gold pieces
  6834 | D:5      | Bought a scroll of immolation for 49 gold pieces
  6972 | D:5      | Reached skill level 6 in Spellcasting
  6972 | D:5      | Reached XP level 8. HP: 43/55 MP: 0/0
  7063 | D:5      | Found Agagocro's Distillery.
  7072 | D:5      | Bought a potion of degeneration for 15 gold pieces
  7120 | D:5      | Noticed Eustachio
  7132 | D:5      | HP: 2/55 [Eustachio (6)]
  7133 | D:5      | Slain by a quasit

Illustrated notes

Levels and vault maps discovered:
D:1:      amcnicky_arrival_gap_in_the_tavern_cellar, layout_loops_ring,
          hellmonk_ecumenical_altar_arch_garden
D:2:      layout_loops_corners, minivault_27
D:3:      layout_loops_cross, mainiacjoe_overflow_chevrons,
          gammafunk_temple_overflow_pools, minmay_snake_closets
D:4:      minmay_bubble_buster, layout_layer_cave, uniq_menkaure
D:5:      layout_basic, serial_shops, shop, nicolae_shop_trees,
          kennysheep_mini_moat, nicolae_lakefront_shop, uniq_eustachio

Skill      XL: |  1  2  3  4  5  6  7 |
---------------+----------------------+-----
Spellcasting   | 3 4 6 |  6.0
Fighting       | 1 2 |  2.4
Dodging        | 3 |  3.9
Stealth        | |  1.9

Action                   |  1- 3 |  4- 6 |  7- 9 || total
-------------------------+-------+-------+-------++-------
Melee: Dagger            |     3 |     3 |     3 ||     9
 Cast: Foxfire           |    53 |    64 |    21 ||   138
       Scorch            |    21 |    55 |    22 ||    98
       Flame Wave        |       |       |     1 ||     1
       Static Discharge  |       |       |     5 ||     5
  Use: Scroll            |       |       |     2 ||     2
       Potion            |       |       |     1 ||     1
Armor: Robe              |     1 |     2 |    19 ||    22
Dodge: Dodged            |    12 |    13 |    41 ||    66

Table legend: (Time is in decaauts)
 A = Elapsed time spent in this place.
 B = Non-inter-level travel time spent in this place.
 C = Inter-level travel time spent in this place.
 D = Time resting spent in this place.
 E = Time spent auto-exploring this place.
 F = Levels seen in this place.
 G = Mean time per level.
                   A        B        C        D        E       F      G
               +--------+--------+--------+--------+--------+-----+--------+
         Total |   7131 |   7028 |    103 |      0 |   6420 |   5 | 1426.2 |
       Dungeon |   7131 |   7028 |    103 |      0 |   6420 |   5 | 1426.2 |
               +--------+--------+--------+--------+--------+-----+--------+

Top non-repeatable levels by time:
     D:4: 1784 daAuts
     D:2: 1712 daAuts
     D:1: 1664 daAuts
     D:3: 1547 daAuts
     D:5: 421 daAuts
